Map: Neon Violet Square LE

Players

pegusus - Winner!

  • Race: Terran Terran
  • League: Gold
  • Spawn Location: 5:00

WeAreLegion

  • Race: Terran Terran
  • League: Gold
  • Spawn Location: 11:00

VOD

Have the link to the VOD?

Description

Time

  • Played on: Dec. 18, 2024, 12:47 a.m.
  • Length: 12:30
Show
View Real Time Build Order
Export as new Build Order

pegusus Terran - Winner!

Build Orders:  

Get SALT Encoding   

  12  0:01  SCV  
  13  0:13  SCV  
  14  0:19  Supply Depot  
  14  0:26  SCV  
  15  0:40  SCV  
  15  0:42  Barracks  
  16  0:47  Refinery  
  16  0:55  SCV  
  17  1:07  SCV  
  18  1:18  Refinery  
  18  1:19  SCV  
  19  1:30  Supply Depot  
  19  1:31  Reaper  
  21  1:41  Orbital Command  
  20  2:17  SCV  
  21  2:24  Marine, Factory  
  21  2:29  SCV  
  23  2:30  Supply Depot  
  23  2:42  Marine  
  23  2:59  SCV, Marine  
  25  3:10  Starport, Factory Tech Lab  
  25  3:11  SCV  
  26  3:17  Marine  
  27  3:21  Command Center  
  27  3:26  SCV  
  28  3:31  Siege Tank  
  31  3:34  Supply Depot  
  31  3:35  Marine  
  32  3:44  Engineering Bay  
  32  3:45  SCV  
  33  3:52  Medivac  
  33  3:53  Marine  
  36  4:00  Fusion Core  
  36  4:04  Supply Depot  
  36  4:14  Missile Turret  
  36  4:34  Starport Tech Lab  
  36  4:40  SCV  
  36  4:43  Siege Tank  
  40  4:52  SCV  
  41  4:59  Supply Depot  
  41  5:04  SCV  
  42  5:15  Siege Tank  
  42  5:16  SCV  
  46  5:23  Marine  
  47  5:40  Battlecruiser, Marine  
  54  5:44  Refinery  
  54  5:47  Refinery  
  54  5:58  Marine  
  46  6:11  Orbital Command  
  46  6:13  SCV  
  46  6:16  Marine  
  48  6:21  Starport  
  49  6:25  SCV  
  49  6:37  SCV x2  
  51  6:49  SCV x2  
  51  6:50  Battlecruiser  
  59  7:01  SCV  
  60  7:13  SCV  
  61  7:24  Weapon Refit  
  61  7:25  SCV  
  62  7:31  Starport Tech Lab  
  62  7:38  SCV  
  63  7:50  SCV  
  64  8:02  SCV  
  59  8:27  Battlecruiser  
  59  8:28  Battlecruiser  
  71  9:07  Command Center  
  71  9:09  Refinery  
  71  9:31  Viking  
  73  9:49  Supply Depot  
  73  10:09  Supply Depot  
  73  10:11  Battlecruiser  
  73  10:12  Supply Depot  
  79  10:31  Supply Depot  
  73  10:40  Battlecruiser  
  75  11:15  Battlecruiser  
  60  11:50  Siege Tank  
  71  12:28  Refinery  
Show
View Real Time Build Order
Export as new Build Order

WeAreLegion Terran 

Build Orders:  

Get SALT Encoding   

  12  0:00  SCV  
  13  0:12  SCV  
  14  0:17  Supply Depot  
  14  0:24  SCV  
  15  0:39  SCV  
  15  0:40  Barracks  
  16  0:46  Refinery  
  16  0:51  SCV  
  17  0:57  Refinery  
  17  1:10  SCV  
  19  1:27  Orbital Command  
  19  1:28  Reaper  
  19  1:46  Supply Depot  
  19  1:51  Factory  
  19  1:55  SCV  
  20  2:05  Marine  
  20  2:07  SCV  
  21  2:19  SCV  
  22  2:24  Reaper  
  23  2:31  SCV  
  24  2:37  Hellion  
  24  2:39  Starport  
  24  2:43  SCV  
  27  2:56  SCV  
  27  2:57  Barracks Reactor  
  28  3:04  Command Center  
  28  3:08  SCV  
  29  3:15  Factory Tech Lab  
  29  3:17  Starport Tech Lab  
  29  3:20  SCV  
  30  3:32  SCV  
  31  3:34  Engineering Bay  
  31  3:45  Supply Depot  
  31  4:03  Marine x2  
  31  4:04  Raven, SCV, Cyclone  
  31  4:08  Supply Depot  
  39  4:16  SCV  
  41  4:25  Orbital Command  
  41  4:26  Marine x2  
  41  4:28  SCV  
  43  4:33  Barracks  
  43  4:46  SCV  
  44  4:57  Missile Turret  
  44  4:58  SCV x2  
  44  4:59  Marine  
  47  5:10  SCV x2  
  49  5:22  Barracks Tech Lab, SCV x2  
  49  5:23  Marine x2  
  49  5:24  Siege Tank  
  49  5:26  Raven  
  58  5:30  Terran Infantry Weapons Level 1  
  58  5:31  Barracks  
  58  5:34  SCV x2  
  60  5:41  Marine x2  
  62  5:46  SCV  
  61  5:58  Marine  
  61  6:02  Marine x2  
  61  6:03  Siege Tank  
  60  6:16  Marine  
  60  6:18  SCV x2  
  63  6:20  Marine, Marauder  
  66  6:30  SCV  
  66  6:31  Missile Turret  
  67  6:34  Marine  
  67  6:37  Marine  
  67  6:38  Refinery  
  69  6:40  Refinery  
  69  6:46  SCV  
  70  6:51  SCV, Siege Tank  
  70  6:52  Marauder  
  70  6:54  Supply Depot  
  76  6:55  Supply Depot, Missile Turret, Command Center  
  76  6:57  Marine x2  
  78  7:06  SCV  
  78  7:07  SCV  
  77  7:12  Missile Turret  
  77  7:13  Marauder  
  77  7:16  Barracks Reactor  
  77  7:17  Starport Reactor  
  77  7:18  SCV  
  78  7:41  SCV x2, Marine  
  81  7:47  Stimpack  
  79  7:53  Supply Depot, SCV  
  71  8:16  Supply Depot  
  71  8:28  Marine x3  
  71  8:30  Viking x2  
  71  8:32  Siege Tank  
  81  8:40  Barracks  
  79  8:46  Marine, Marauder  
  81  9:00  Viking x2  
  81  9:02  Missile Turret  
  85  9:04  Widow Mine  
  85  9:08  Marauder  
  82  9:27  Combat Shield  
  82  9:29  Marine x3, Marauder  
  82  9:30  Marine, Viking  
  86  9:47  SCV x2, Marine  
  86  9:49  Marine x3  
  86  9:51  Marauder  
  94  9:59  SCV x2  
  95  10:11  SCV  
  95  10:12  Marauder  
  98  10:17  Marine x3  
  96  10:30  Marine  
  96  10:33  Marauder  
  96  10:35  Marine x2  
  101  10:55  Marauder  
  97  11:16  Marauder  
  77  11:31  Marine x3  
  77  11:32  Marine  
  80  11:37  Marauder  
  76  11:49  Marine x4  
  72  11:59  Marauder  
  55  12:13  SCV x2  
  54  12:24  Command Center  
Tags
 
League
GoldGold
Matchup
TvT
Race
Terran
Replay Pack
December
Spawn Locations
Cross Positions
Add a new tag
Caveats
  • Supply blocks, unpowered buildings, or Contaminate may cause inaccurate times.
  • Supply counts are checked every 10 seconds.